 Dungeon Crawl Stone Soup version 0.29-a0-40-g8eb35efe60 (webtiles) character file.

Game seed: 16168820144020237772

41 Hubjo the Cutter (level 3, 0/21 HPs)
             Began as a Vampire Warper on Feb 1, 2022.
             Was a Follower of Kikubaaqudgha.
             Slain by a gnoll (5 damage)
             ... on level 3 of the Dungeon.
             The game lasted 00:05:51 (457 turns).

Hubjo the Cutter (Vampire Warper)                    Turns: 457, Time: 00:05:52

Health: 0/21       AC:  4    Str: 10    XL:     3   Next: 32%
Magic:  6/6        EV: 12    Int: 17    God:    Kikubaaqudgha [*.....]
Gold:   95         SH:  0    Dex: 13    Spells: 5/6 levels left

rFire   . . .      SeeInvis +   a - +0 short sword
rCold   + + .      Faith    .   (no shield)
rNeg    + + +      Spirit   .   b - +0 leather armour
rPois   ∞          Reflect  .   f - +1 hat
rElec   .          Harm     .   (no cloak)
rCorr   .          Rampage  .   (no gloves)
Will    .....                   (no boots)
Stlth   +++.......              (no amulet)
HPRegen 0.00/turn               (no ring)
MPRegen 0.10/turn               (no ring)

@: confused, ambrosia-drunk, bloodless, inhibited regen
A: bloodless, fangs 3, see invisible, vampiric 2
a: Bat Form, Revivify, Renounce Religion, Receive Corpses


You were on level 3 of the Dungeon.
You worshipped Kikubaaqudgha.
Kikubaaqudgha was aware of your devotion.
You visited 1 branch of the dungeon, and saw 3 of its levels.

You collected 95 gold pieces.

Inventory:

Hand Weapons
 a - a +0 short sword (weapon)
Missiles
 d - 5 boomerangs of dispersal (quivered)
Armour
 b - a +0 leather armour (worn)
 f - a +1 hat (worn)
Wands
 i - a wand of polymorph (3)
Scrolls
 c - 2 scrolls of blinking
Potions
 g - a potion of might {unknown}


   Skills:
 + Level 2.0 Fighting
 + Level 3.1 Short Blades
 + Level 0.8 Throwing
 + Level 1.0 Armour
 + Level 2.6 Dodging
 + Level 2.1 Spellcasting
 + Level 2.5 Translocations


You had 5 spell levels left.
You knew the following spells:

 Your Spells              Type           Power      Damage    Failure   Level
a - Animate Skeleton      Necr           2%         N/A       26%         1

Your spell library contained the following spells:

 Spells                   Type           Power      Damage    Failure   Level
 Blink                    Tloc           20%        N/A       14%         2
 Gell's Gravitas          Tloc           10%        N/A       26%         3
 Lesser Beckoning         Tloc           10%        N/A       26%         3
 Teleport Other           Tloc           10%        N/A       26%         3
 Corpse Rot               Necr/Air       2%         N/A       36%         2
 Ensorcelled Hibernation  Hex/Ice        2%         N/A       36%         2
 Passwall                 Tmut/Erth      0%         N/A       36%         2
 Sublimation of Blood     Necr           1%         N/A       36%         2
 Swiftness                Air            1%         N/A       61%         3
 Manifold Assault         Tloc           10%        N/A       94%         5
 Agony                    Necr           1%         N/A       100%        5


Dungeon Overview and Level Annotations

Branches:
Dungeon (3/15)

Altars:
Kikubaaqudgha

Shops:
D:2 ==


Innate Abilities, Weirdness & Mutations

You do not regenerate when monsters are visible.
You are frail without blood (-20% HP).
You can heal yourself when you bite living creatures.
You are immune to poison.
You have razor-sharp teeth.
You have supernaturally acute eyesight. (SInv)
You are afflicted with vampirism and can become a bat while bloodless.


Message History

You hear a shout!
An orc priest comes into view. It is wielding a +0 hand axe.
You see here a cyan potion.
g - a cyan potion 3 gnolls come into view.
A gnoll comes into view. It is wielding a +3 vampiric whip.
Found a purple potion.
The gnoll shouts! x2
The gnoll closely misses you.
The gnoll hits you from afar with a +0 spear.
It was a potion of ambrosia.
You are confused.
You feel invigorated.
The gnoll hits you from afar with a +0 spear.
It was a potion of berserk rage.
You feel slightly irritated.
A ball python comes into view.
The gnoll closely misses you. The gnoll misses you.
You closely miss the gnoll.
The gnoll shouts! x2
The gnoll hits you with a +3 vampiric whip.
You closely miss the orc priest. The gnoll closely misses you.
The gnoll barely misses you.
The orc priest hits you with a +0 hand axe.
The ball python hisses angrily.
You hit the gnoll.
The gnoll is lightly wounded.
The gnoll misses you.
The gnoll hits you with a +3 vampiric whip.
The orc priest hits you with a +0 hand axe.
You hit the gnoll.
The gnoll is moderately wounded.
The gnoll hits you from afar with a +0 spear!
* * * LOW HITPOINT WARNING * * *
The orc priest closely misses you. The gnoll misses you.
You bump into the rock wall.
The gnoll barely misses you. The gnoll hits you with a +0 club.
* * * LOW HITPOINT WARNING * * *
The gnoll hits you with a +3 vampiric whip.
You die...
Kikubaaqudgha rasps: "You have failed me!
Welcome... oblivion!"

#### #..>####
#g@o.########
#.g.........##
...gg...#..<##..##
...S..#####.S.....###..
......! ##.............
....... ##............#
###..##
#.......$.##.... #..
#.........# #..
#.........#


You could see an orc priest, 4 gnolls, an adder and a ball python.

Vanquished Creatures
  3 ball pythons
  2 bats
  3 endoplasms
  11 giant cockroaches (D:2)
  2 goblins
  A hobgoblin (D:1)
  2 quokkas (D:1)
  A frilled lizard (D:1)
  A kobold (D:1)
  5 rats
31 creatures vanquished.

Vanquished Creatures (collateral kills)
  3 giant cockroaches (D:2)
3 creatures vanquished.

Grand Total: 34 creatures vanquished

Notes
Turn   | Place    | Note
-------+----------+-------------------------------------------
     0 | D:1      | Hubjo the Vampire Warper began the quest for the Orb.
     0 | D:1      | Reached XP level 1. HP: 16/16 MP: 3/3
    42 | D:1      | Found a faded altar of an unknown god.
    69 | D:1      | Prayed at the altar of an unknown god.
    69 | D:1      | Became a worshipper of Kikubaaqudgha
    69 | D:1      | Reached * piety under Kikubaaqudgha
    69 | D:1      | Received a gift from Kikubaaqudgha
    98 | D:1      | Reached XP level 2. HP: 15/22 MP: 5/5
   121 | D:1      | Learned a level 1 spell: Animate Skeleton
   237 | D:2      | Reached skill level 3 in Short Blades
   243 | D:2      | Found Xaugrap's Jewellery Shoppe.
   252 | D:2      | Gained mutation: You are afflicted with vampirism and can
                  | become a bat while bloodless. [Vampire growth]
   252 | D:2      | Reached XP level 3. HP: 13/27 MP: 4/6
   329 | D:2      | Found Bietsoaj's Jewellery Shop.
   423 | D:2      | Reached skill level 1 in Armour
   457 | D:3      | Slain by a gnoll

Illustrated notes

Levels and vault maps discovered:
D:1:      ncdulo_watergridlock, layout_rooms,
          shapermc_ecumenical_altar_starsandcircs
D:2:      minmay_roachtagon, layout_loops_ring, basic_altar, serial_shops, shop,
          shop, shop, nicolae_shop_behind_doors, uniq_sigmund
D:3:      layout_rooms, serial_shops, nicolae_diamond_shop

Skill      XL: |  1  2  3 |
---------------+----------+-----
Short Blades   | 3 |  3.1
Fighting       | 2 |  2.0
Armour         | 1 |  1.0
Throwing       | |  0.8
Dodging        | |  2.6
Spellcasting   | |  2.1
Translocations | |  2.5

Action                   || total
-------------------------++-------
Melee: Short sword       ||    91
       Bite              ||    10
       Punch             ||     1
 Cast: Animate Skeleton  ||     1
 Abil: Exsanguinate      ||     1
  Use: Potion            ||     2
       Scroll            ||     1
 Stab: Sleeping          ||     3
Armor: Leather armour    ||    64
Dodge: Dodged            ||   128

Table legend: (Time is in decaauts)
 A = Elapsed time spent in this place.
 B = Non-inter-level travel time spent in this place.
 C = Inter-level travel time spent in this place.
 D = Time resting spent in this place.
 E = Time spent auto-exploring this place.
 F = Levels seen in this place.
 G = Mean time per level.
                   A        B        C        D        E       F      G
               +--------+--------+--------+--------+--------+-----+--------+
         Total |    453 |    334 |    119 |      0 |    118 |   3 |  151.0 |
       Dungeon |    453 |    334 |    119 |      0 |    118 |   3 |  151.0 |
               +--------+--------+--------+--------+--------+-----+--------+

Top non-repeatable levels by time:
     D:2: 247 daAuts
     D:1: 184 daAuts
     D:3: 22 daAuts
